 Dungeon Crawl Stone Soup version 0.28-a0-769-g550dbda0cd (webtiles) character file.

Game seed: 7120459096000487867

294534 blank1 the Slayer (level 20, -2/204 HPs)
             Began as a Minotaur Fighter on Oct 30, 2021.
             Was the Champion of Okawaru.
             Killed from afar by a tengu reaver (33 damage)
             ... with a bolt of cold
             ... on level 2 of the Vaults on Oct 31, 2021.
             The game lasted 02:02:34 (40494 turns).

blank1 the Slayer (Minotaur Fighter)               Turns: 40494, Time: 02:02:35

Health: -2/204     AC: 36    Str: 31    XL:     20   Next: 3%
Magic:  35/35      EV: 19    Int: 13    God:    Okawaru [******]
Gold:   5091       SH: 20    Dex: 28    Spells: 21/29 levels left

rFire   . . .      SeeInvis .   W - +9 demon whip of Pufarch {pain, rPois Str+3 Dex+2}
rCold   . . .      Faith    .   x - +0 kite shield
rNeg    + + +      Spirit   .   Y - +7 crystal plate armour of Okawaru's Hope {rN+ Int+6}
rPois   +          Reflect  .   Q - +0 hat of Hopscotch {rN+ Dex+3}
rElec   +          Harm     .   c - +2 cloak "Bitaonyo" {rC+ Str+2}
rCorr   .          Rampage  +   R - +0 pair of fencer's gloves {Riposte Dex+3}
Will    ++...                   z - +1 pair of boots {rampage}
Stlth   ..........              T - amulet "Gusob" {Fly rF- Will+ Regen+}
HPRegen 1.44/turn               F - ring "Anoibb" {Fire rElec Int+2 Slay+2}
MPRegen 0.24/turn               U - ring of Bagad {Drain rN+ MP+9 Dex+6}

@: corroded, flying, studying Crossbows
A: horns 2, retaliatory headbutt, iridescent scales 1, large bone plates 1
}: 2/15 runes: serpentine, barnacled
a: Renounce Religion, Heroism, Finesse, Duel


You were on level 2 of the Vaults.
You worshipped Okawaru.
Okawaru was exalted by your worship.
You visited 8 branches of the dungeon, and saw 35 of its levels.
You also visited: Sewer, Bailey and Gauntlet.

You collected 5659 gold pieces.
You spent 568 gold pieces at shops.

Inventory:

Hand Weapons
 l - the +9 flail of Entrepreneurial Spirit {freeze, rCorr}
   (You took it off a merfolk on level 4 of the Shoals)

   It freezes those it strikes, dealing additional cold damage.
   It can also slow down cold-blooded creatures.
   rCorr:     It protects you from acid and corrosion.
 K - a +1 eveningstar of holy wrath
 S - the +9 staff of Olgreb {rPois∞}
   (You found it on level 3 of the Lair of Beasts)

   If the wielder is skilled in Evocations, they can envenom those struck by it,
   dealing poison damage which bypasses armour.
   It enhances your poison magic.
   It grants immunity to poison.
   It can be evoked to radiate toxic energy, with effectiveness depending on
   Evocations skill.
 W - the +9 demon whip of Pufarch (weapon) {pain, rPois Str+3 Dex+2}
   (Okawaru gifted it to you on level 11 of the Dungeon)

   In the hands of one skilled in necromantic magic, it inflicts extra damage on
   living creatures.
   Str:       It affects your strength (+3).
   Dex:       It affects your dexterity (+2).
   rPois:     It protects you from poison.
Missiles
 C - 13 throwing nets (quivered)
Armour
 c - the +2 cloak "Bitaonyo" (worn) {rC+ Str+2}
   (You found it in a Gauntlet)

   Str:       It affects your strength (+2).
   rC:        It protects you from cold.
 o - a +2 hat
 x - a +0 kite shield (worn)
 z - a +1 pair of boots of rampaging (worn)
 Q - the +0 hat of Hopscotch (worn) {rN+ Dex+3}
   (Okawaru gifted it to you in a Gauntlet)

   Dex:       It affects your dexterity (+3).
   rN:        It protects you from negative energy.
 R - the +0 pair of fencer's gloves (worn) {Riposte Dex+3}
   (You found it in a Gauntlet)

   It allows the wearer to riposte with melee weapons, swiftly retaliating
   against missed attacks.
   Dex:       It affects your dexterity (+3).
 Y - the +7 crystal plate armour of Okawaru's Hope (worn) {rN+ Int+6}
   (Okawaru gifted it to you on level 1 of the Shoals)

   Int:       It affects your intelligence (+6).
   rN:        It protects you from negative energy.
Jewellery
 y - an amulet of faith
 F - the ring "Anoibb" (left hand) {Fire rElec Int+2 Slay+2}
   (You took it off an orc knight on level 11 of the Dungeon)

   [ring of fire]

   It enhances your fire magic.
   Int:       It affects your intelligence (+2).
   Slay:      It affects your accuracy & damage with ranged weapons and melee
   (+2).
   rF:        It protects you from fire.
   rC:        It makes you vulnerable to cold.
   rElec:     It insulates you from electricity.
 N - a ring of protection from fire
 T - the amulet "Gusob" (around neck) {Fly rF- Will+ Regen+}
   (You took it off an orc knight on level 11 of the Dungeon)

   [amulet of regeneration]

   rF:        It makes you vulnerable to fire.
   Fly:       It grants you flight.
   Regen:     It increases your rate of health regeneration.
   Will:      It increases your willpower.
 U - the ring of Bagad (right hand) {Drain rN+ MP+9 Dex+6}
   (You found it on level 11 of the Dungeon)

   [ring of magical power]

   Dex:       It affects your dexterity (+6).
   rN:        It protects you from negative energy.
   MP:        It affects your magic capacity (+9).
   Drain:     It drains your maximum health when unequipped.
 V - the ring of Aracwiv {Will- Str+9 Int+6 Dex+3 SInv}
   (You took it off a centaur warrior on level 11 of the Dungeon)

   [ring of intelligence]

   Str:       It affects your strength (+9).
   Int:       It affects your intelligence (+6).
   Dex:       It affects your dexterity (+3).
   SInv:      It lets you see invisible.
   Will:      It decreases your willpower.
Wands
 e - a wand of acid (21)
 f - a wand of digging (14)
 h - a wand of flame (127)
 v - a wand of paralysis (29)
 O - a wand of iceblast (60)
 X - a wand of mindburst (9)
Scrolls
 g - 18 scrolls of teleportation
 j - 18 scrolls of identify
 m - 4 scrolls of fear
 r - 5 scrolls of amnesia
 s - 7 scrolls of enchant armour
 u - 2 scrolls of magic mapping
 w - a scroll of silence
 B - 2 scrolls of enchant weapon
 D - 3 scrolls of fog
 G - a scroll of brand weapon
 I - a scroll of blinking
 L - a scroll of holy word
Potions
 a - 7 potions of lignification
 b - 5 potions of attraction
 d - 12 potions of might
 i - 6 potions of invisibility
 k - 8 potions of curing
 n - 5 potions of haste
 p - 10 potions of heal wounds
 q - 6 potions of flight
 t - 2 potions of resistance
 A - a potion of cancellation
 H - 2 potions of mutation
 J - a potion of ambrosia
 M - 7 potions of brilliance


   Skills:
 + Level 23.4 Fighting
 - Level 16.0 Maces & Flails
 - Level 20.0 Armour
 - Level 15.0 Dodging
 - Level 15.0 Shields
 - Level 5.0 Spellcasting
 - Level 2.0 Hexes
 - Level 5.0 Necromancy
 - Level 10.0 Air Magic
 - Level 10.0 Invocations
 - Level 3.0 Evocations


You had 21 spell levels left.
You knew the following spells:

 Your Spells              Type           Power      Damage    Failure   Level
a - Swiftness             Air            29%        N/A       9%          3
b - Silence               Hex/Air        9%         N/A       99%         5

Your spell library contained the following spells:

 Spells                   Type           Power      Damage    Failure   Level
 Pain                     Necr           64%        1d7       22%         1
 Shock                    Conj/Air       64%        1d7       22%         1
 Airstrike                Air            14%        N/A       28%         4
 Sublimation of Blood     Necr           8%         N/A       32%         2
 Vampiric Draining        Necr           8%         2d7       54%         3
 Slow                     Hex            32%        N/A       58%         1
 Foxfire                  Conj/Fire      16%        2x1d4     86%         1
 Freeze                   Ice            12%        1d4       86%         1
 Sandblast                Erth           6%         2d5       86%         1
 Sting                    Tmut/Pois      12%        1d3       86%         1
 Confusing Touch          Hex            8%         N/A       92%         3
 Blink                    Tloc           6%         N/A       95%         2
 Passwall                 Tmut/Erth      2%         N/A       95%         2
 Wereblood                Tmut           3%         N/A       95%         2
 Dazzling Flash           Conj/Hex       10%        N/A       98%         3
 Inner Flame              Hex/Fire       8%         N/A       98%         3
 Conjure Flame            Conj/Fire      4%         6-21      99%         3
 Gell's Gravitas          Tloc           1%         N/A       99%         3
 Lesser Beckoning         Tloc           3%         N/A       99%         3
 Teleport Other           Tloc           3%         N/A       99%         3
 Agony                    Necr           16%        N/A       99%         5
 Excruciating Wounds      Necr           8%         N/A       99%         5
 Cause Fear               Hex            4%         N/A       100%        4
 Flame Wave               Conj/Fire      4%         3d3       100%        4
 Iskenderun's Mystic Bla  Conj/Tloc      3%         2d3       100%        4
 Borgnjor's Vile Clutch   Necr/Erth      4%         N/A       100%        5
 Irradiate                Conj/Tmut      1%         3d13      100%        5
 Lee's Rapid Deconstruct  Erth           1%         3d5*      100%        5
 Manifold Assault         Tloc           3%         N/A       100%        5
 Invisibility             Hex            4%         N/A       100%        6
 Starburst                Conj/Fire      2%         6d3       100%        6
 Statue Form              Tmut/Erth      2%         N/A       100%        6
 Ozocubu's Refrigeration  Ice            1%         4d5       100%        7
 Summon Mana Viper        Hex/Summ       Unusable   N/A       N/A         5
 Summon Hydra             Summ           Unusable   N/A       N/A         7

Dungeon Overview and Level Annotations

Branches:
Dungeon (15/15)            Temple (1/1) D:4            Lair (6/6) D:9
 Shoals (4/4) Lair:4        Snake (4/4) Lair:4        Slime (0/5) Lair:5
    Orc (2/2) D:11            Elf (1/3) Orc:2        Vaults (2/5) D:14
 Depths (0/4) D:15          Sewer (visited)          Bailey (visited)
Gauntlet (visited)
  Crypt: Vaults:2-3

Altars:
Cheibriados
Dithmenos
Elyvilon
Fedhas
Gozag
Hepliaklqana
Kikubaaqudgha
Makhleb
Okawaru
Qazlal
Sif Muna
Uskayaw
Xom
Yredelemnul
The Shining One

Shops:
Orc:2 *(:[   Snake:1 :=:   Vaults:1 (

Portals:
Abyss: Orc:1


Innate Abilities, Weirdness & Mutations

You have a pair of horns on your head.
You reflexively headbutt those who attack you in melee.
You are partially covered in iridescent scales. (AC +2)
You are partially covered in large bone plates. (SH +4)


Message History

Unknown command.
You completely miss the tengu reaver.
The tengu reaver is moderately wounded.
The tengu reaver points at you and mumbles some strange words.
The bolt of acid hits you!!
* * * LOW HITPOINT WARNING * * *
The acid corrodes you!
Unknown command.
You miss the tengu reaver. Your headbutt misses the tengu reaver.
The tengu reaver is moderately wounded.
Unknown command.
You whack the tengu reaver!
The tengu reaver writhes in agony.
The tengu reaver is moderately wounded.
You block the tengu reaver's attack.
The tengu reaver pecks you but does no damage.
The tengu reaver claws you but does no damage.
You whack the tengu reaver!
The tengu reaver is heavily wounded.
Unknown command.
Unknown command.
You closely miss the tengu reaver. You headbutt the tengu reaver.
The tengu reaver is heavily wounded.
You block the tengu reaver's attack. x2
The tengu reaver claws you but does no damage.
Unknown command.
You whack the tengu reaver!
The tengu reaver writhes in agony.
The tengu reaver is severely wounded.
Unknown command.
You whack the tengu reaver! Your headbutt misses the tengu reaver.
The tengu reaver is almost dead.
The tengu reaver hits you but does no damage.
The tengu reaver closely misses you. You block the tengu reaver's attack.
The tengu reaver blocks your attack.
Your headbutt misses the tengu reaver.
The tengu reaver is almost dead.
Unknown command.
You barely miss the tengu reaver. Your headbutt misses the tengu reaver.
The tengu reaver is almost dead.
The tengu reaver points at you and mumbles some strange words.
The bolt of cold hits you!!
You die...

...# #..# # #..# #.
#..# +.. +#..#
#...####...#
#....Q.()[.#
#....)@....#
.#########'######
........'.......#
........#.......#
........#.......#
#........#.......#
#........#.......#
###........#.......#
...........#.......#


You could see a tengu reaver.

Vanquished Creatures
  Mara (Shoals:4)
  Vashnia (Snake:4)
  Nikola (Shoals:3)
  Rupert (D:14)
  3 sphinxes
  3 krakens
  6 nagarajas
  Roxanne (Shoals:1)
  Aizul (Shoals:4)
  A vault warden (Vaults:1)
  An orc warlord (Orc:2)
  A frost giant (D:15)
  Louise (D:15)
  3 ironbound preservers
  The ghost of Qieck the Blocker, a journeyman DrCj of Hepliaklqana (Orc:1)
  A deep elf demonologist (Elf:1)
  2 minotaurs
  4 dire elephants
  An entropy weaver (Vaults:1)
  3 merfolk javelineers
  An ettin (D:15)
  3 merfolk impalers
  A blizzard demon (Gauntlet)
  4 great orbs of eyes
  2 yaktaur captains
  19 naga warriors
  A salamander tyrant (Snake:4)
  2 boulder beetles
  18 hydras
  2 catoblepae
  An ironbound frostheart (Vaults:2)
  Erolcha (D:11)
  14 anacondas
  7 two-headed ogres
  2 alligator snapping turtles
  The ghost of timneilson the Blocker, a novice DDFi of Makhleb (D:9)
  The ghost of AttackTheMoon the Fighter, a novice DrTm of Cheibriados (D:10)
  8 dancing weapons (Elf:1)
  2 merfolk avatars
  10 centaur warriors
  10 satyrs
  A merfolk aquamancer (Shoals:3)
  7 death yaks
  2 orc high priests (Orc:2)
  11 naga sharpshooters
  Urug (D:11)
  7 shock serpents
  A thrashing horror (Orc:1)
  Sonja (Lair:3)
  A wretched star (Orc:1)
  7 deep elf knights (Elf:1)
  3 salamander mystics
  7 skeletal warriors
  14 sea snakes
  7 deep trolls (Vaults:1)
  2 deep elf archers (Elf:1)
  3 wizards
  A swamp dragon (shapeshifter) (D:15)
  3 lindwurms (Vaults:1)
  2 ironbound convokers (Vaults:1)
  6 naga ritualists
  9 orc knights
  13 deep elf zephyrmancers (Elf:1)
  30 harpies
  A necromancer (Lair:3)
  9 deep elf pyromancers
  The ghost of Yajnam the Slasher, a novice FoFi of Okawaru (D:5)
  12 mana vipers
  2 oklob plants (Lair:3)
  6 orc sorcerers (Orc:2)
  21 manticores
  23 salamanders
  26 fauns
  9 merfolk sirens
  10 cyclopes
  19 ugly things
  2 worldbinders (Orc:1)
  A rust devil (Gauntlet)
  12 guardian serpents
  Maurice (D:8)
  5 water nymphs
  39 black mambas
  18 elephants
  4 vault sentinels
  17 cane toads
  19 naga magi
  2 kobold demonologists
  3 gargoyles
  Maggie (D:9)
  Psyche (D:8)
  15 komodo dragons
  8 yaktaurs (Vaults:1)
  3 rime drakes
  3 freezing wraiths
  An efreet (D:15)
  A tengu conjurer (D:15)
  23 merfolk
  2 polar bears
  11 trolls
  5 wind drakes
  3 meliai (D:14)
  A jumping spider (Vaults:1)
  A queen bee (D:9)
  Grinder (D:3)
  2 raiju (Orc:1)
  15 dream sheep
  3 hornets (Lair:6)
  23 blink frogs
  8 snapping turtles
  13 slime creatures
  An air elemental (Elf:1)
  5 wyverns
  3 water elementals (Shoals:2)
  A yak (shapeshifter) (D:15)
  A ynoxinul (Gauntlet)
  4 basilisks
  60 yaks
  2 wraiths
  3 steam dragons (D:9)
  2 fire elementals (Elf:1)
  A neqoxec (Gauntlet)
  A vampire mosquito (D:11)
  2 chaos spawn (Gauntlet)
  The ghost of KoroneIsBestGirl the Skirmisher, an amateur OpFi (D:3)
  21 water moccasins
  4 wargs
  58 nagas
  4 acid dragons
  45 orc warriors
  2 sky beasts
  2 ice beasts
  A hornet zombie (D:6)
  4 black bears
  7 ogres
  5 necrophages
  8 wolves (Lair:2)
  An ogre (shapeshifter) (D:15)
  13 centaurs
  2 phantoms (D:6)
  4 kobold brigands
  A gnoll sergeant (D:6)
  A wyvern zombie (D:8)
  15 bullfrogs
  A scorpion (D:6)
  An earth elemental (Elf:1)
  A water moccasin skeleton (D:7)
  11 killer bees (D:9)
  6 electric eels
  4 howler monkeys
  4 crimson imps (D:6)
  8 centaur zombies
  A hound (D:4)
  A jelly (D:7)
  4 orc priests
  A centaur skeleton (D:6)
  A gnoll shaman (D:7)
  4 iron imps (Gauntlet)
  An iguana (D:5)
  12 orc wizards
  13 hell rats
  2 polar bear simulacra (Lair:3)
  5 yak simulacra (Lair:3)
  3 wolf simulacra (Lair:3)
  A howler monkey zombie (D:5)
  12 adders
  6 gnolls
  An ufetubus (D:5)
  An adder skeleton (D:4)
  4 worms
  2 dart slugs
  55 orcs
  7 bats
  14 endoplasms
  16 giant cockroaches
  16 goblins
  6 hobgoblins
  2 jackals (D:1)
  14 quokkas
  19 ball pythons
  18 frilled lizards
  22 kobolds
  7 rats
  A river rat simulacrum (Lair:3)
  A fungus (Orc:2)
  5 tentacles
1291 creatures vanquished.

Vanquished Creatures (others)
  A deep elf knight (Elf:1)
  A deep elf zephyrmancer (Elf:1)
  A merfolk (Shoals:3)
  24 fungi
  101 plants
  10 tentacles
138 creatures vanquished.

Grand Total: 1429 creatures vanquished

Notes
Turn   | Place    | Note
-------+----------+-------------------------------------------
     0 | D:1      | blank1 the Minotaur Fighter began the quest for the Orb.
     0 | D:1      | Reached XP level 1. HP: 19/19 MP: 0/0
    51 | D:1      | Found a faded altar of an unknown god.
   166 | D:1      | Reached XP level 2. HP: 27/27 MP: 1/1
   750 | D:2      | Found a hazy altar of Hepliaklqana.
   756 | D:2      | Reached skill level 1 in Dodging
  1016 | D:2      | Reached skill level 4 in Fighting
  1016 | D:2      | Reached XP level 3. HP: 33/33 MP: 2/2
  1402 | D:3      | Reached XP level 4. HP: 40/40 MP: 3/3
  1412 | D:3      | Noticed Grinder
  1422 | D:3      | Paralysed by Grinder for 4 turns
  1429 | D:3      | HP: 2/40 [Grinder/nerve-wracking pain (12)]
  1430 | D:3      | Killed Grinder
  1431 | D:3      | Reached skill level 5 in Fighting
  1431 | D:3      | Reached skill level 5 in Maces & Flails
  1431 | D:3      | Reached skill level 5 in Armour
  1431 | D:3      | Reached XP level 5. HP: 2/48 MP: 4/4
  1431 | D:3      | Reached XP level 6. HP: 3/56 MP: 5/5
  2253 | D:3      | Found a runed translucent door.
  2253 | D:3      | Noticed KoroneIsBestGirl's ghost (amateur OpFi)
  2807 | D:3      | Upgraded the game from 0.28-a0-751-gef3a642a4e to
                  | 0.28-a0-769-g550dbda0cd
  2853 | D:3      | Killed KoroneIsBestGirl's ghost
  2854 | D:3      | Reached skill level 6 in Fighting
  2933 | D:4      | Found a glowing drain.
  2942 | Sewer    | Entered a sewer
  2972 | Sewer    | Reached XP level 7. HP: 62/63 MP: 6/6
  3623 | D:4      | Reached skill level 7 in Fighting
  3704 | D:4      | Found a staircase to the Ecumenical Temple.
  3750 | Temple   | Entered the Ecumenical Temple
  3777 | Temple   | Became a worshipper of Warmaster Okawaru
  3803 | D:4      | Reached XP level 8. HP: 73/73 MP: 7/7
  4123 | D:5      | Entered Level 5 of the Dungeon
  4138 | D:5      | Found a runed translucent gate.
  4138 | D:5      | Found a runed translucent gate.
  4140 | D:5      | Found a runed translucent gate.
  4445 | D:5      | Reached skill level 1 in Invocations
  4744 | D:5      | Reached * piety under Okawaru
  4911 | D:5      | Noticed Yajnam's ghost (novice FoFi)
  4933 | D:5      | Killed Yajnam's ghost
  4934 | D:5      | Reached skill level 8 in Fighting
  5112 | D:6      | Reached ** piety under Okawaru
  5192 | D:6      | Reached XP level 9. HP: 82/82 MP: 10/10
  5223 | D:6      | Found a shimmering altar of Xom.
  5234 | D:6      | Reached skill level 9 in Fighting
  5302 | D:6      | Found a hide-covered altar of Uskayaw.
  5305 | D:6      | Noticed a +0 dagger
  5305 | D:6      | Noticed a +0 dagger
  5721 | D:7      | Identified 2 scrolls of acquirement
  5721 | D:7      | Acquired a +1 pair of boots of rampaging
  5728 | D:7      | Acquired 1072 gold pieces
  5736 | D:7      | Noticed a komodo dragon
  5756 | D:6      | Killed a komodo dragon
  5756 | D:6      | Reached *** piety under Okawaru
  5757 | D:6      | Reached skill level 10 in Fighting
  5757 | D:6      | Reached skill level 10 in Maces & Flails
  5985 | D:7      | Noticed a kobold demonologist
  6320 | D:7      | Reached skill level 5 in Dodging
  6493 | D:7      | Reached skill level 1 in Evocations
  6554 | D:7      | Noticed a green ugly thing
  6569 | D:7      | Killed a green ugly thing
  6570 | D:7      | Reached XP level 10. HP: 87/94 MP: 10/12
  6818 | D:7      | Found a white marble altar of Elyvilon.
  7042 | D:7      | Reached skill level 11 in Fighting
  7100 | D:7      | Identified the +3 ring mail "Titzav" {Str+4 Int+4}
  7304 | D:8      | Noticed Psyche
  7311 | D:8      | Killed Psyche
  7311 | D:8      | Reached **** piety under Okawaru
  7385 | D:8      | Noticed a two-headed ogre
  7394 | D:8      | Killed a two-headed ogre
  7455 | D:8      | Noticed Maurice
  7835 | D:8      | Killed Maurice
  7943 | D:8      | Found a flagged portal.
  7958 | D:8      | Reached ***** piety under Okawaru
  7966 | Bailey   | Entered a bailey
  8112 | Bailey   | Reached skill level 12 in Fighting
  9333 | Bailey   | Noticed an orc knight
  9345 | Bailey   | Killed an orc knight
  9346 | Bailey   | Reached XP level 11. HP: 80/104 MP: 6/13
 10142 | D:9      | Reached skill level 5 in Invocations
 10324 | D:9      | Noticed Maggie
 10336 | D:9      | Killed Maggie
 10475 | D:9      | Noticed timneilson's ghost (novice DDFi)
 10502 | D:9      | Found a transporter.
 10507 | D:9      | Found a transporter.
 10535 | D:9      | Noticed a two-headed ogre
 10548 | D:9      | Killed a two-headed ogre
 10775 | D:9      | Reached skill level 10 in Armour
 10785 | D:9      | Found a staircase to the Lair.
 10977 | D:9      | Noticed a two-headed ogre
 10986 | D:9      | Killed a two-headed ogre
 11142 | D:9      | Noticed a skeletal warrior
 11142 | D:9      | Noticed a skeletal warrior
 11144 | D:9      | Noticed a skeletal warrior
 11151 | D:9      | Killed a skeletal warrior
 11151 | D:9      | Noticed a skeletal warrior
 11152 | D:9      | Reached skill level 5 in Shields
 11160 | D:9      | Killed a skeletal warrior
 11164 | D:9      | Killed a skeletal warrior
 11164 | D:9      | Received a gift from Okawaru
 11175 | D:9      | Killed a skeletal warrior
 11175 | D:9      | Reached ****** piety under Okawaru
 11848 | D:9      | Reached skill level 13 in Fighting
 11882 | D:9      | Killed timneilson's ghost
 11937 | D:9      | Reached skill level 15 in Fighting
 11937 | D:9      | Reached XP level 12. HP: 111/122 MP: 15/15
 11999 | D:10     | Entered Level 10 of the Dungeon
 12017 | D:10     | Reached skill level 16 in Fighting
 12063 | D:10     | Found a burning altar of Makhleb.
 12069 | D:10     | Found a snail-covered altar of Cheibriados.
 12074 | D:10     | Found a glowing golden altar of the Shining One.
 12168 | D:10     | Found a runed translucent gate.
 12177 | D:10     | Reached XP level 13. HP: 128/128 MP: 16/16
 12177 | D:10     | Found a runed translucent gate.
 12178 | D:10     | Found a runed translucent gate.
 12182 | D:10     | Noticed AttackTheMoon's ghost (novice DrTm)
 12680 | D:10     | Killed AttackTheMoon's ghost
 12680 | D:10     | Received a gift from Okawaru
 12778 | Lair:1   | Entered Level 1 of the Lair of Beasts
 13995 | Lair:2   | Reached skill level 15 in Maces & Flails
 14101 | Lair:2   | Identified the +4 long sword "Niloid" {vorpal, Drain +Blink
                  | rElec}
 14394 | Lair:2   | Received a gift from Okawaru
 15110 | Lair:3   | Noticed Sonja
 15115 | Lair:3   | Killed Sonja
 15154 | Lair:3   | Found a gate leading to a gauntlet.
 15174 | Gauntlet | Entered a Gauntlet
 15174 | Gauntlet | Found a transporter.
 15181 | Gauntlet | Found a transporter.
 15183 | Gauntlet | Found a transporter.
 15194 | Gauntlet | Found a transporter.
 15197 | Gauntlet | Found a transporter.
 15201 | Gauntlet | Noticed an entropy weaver
 15202 | Gauntlet | Noticed a blizzard demon
 15209 | Gauntlet | Found a transporter.
 15224 | Gauntlet | Found a transporter.
 15238 | Gauntlet | Found a transporter.
 15245 | Gauntlet | Found a transporter.
 15259 | Gauntlet | Found a transporter.
 15273 | Gauntlet | Found a transporter.
 15274 | Gauntlet | Found a transporter.
 15316 | Gauntlet | Found a transporter.
 15333 | Gauntlet | Found a transporter.
 15422 | Gauntlet | Reached XP level 14. HP: 138/138 MP: 17/17
 15476 | Gauntlet | Gained mutation: You are clumsy. (Dex -2) [a neqoxec]
 15481 | Gauntlet | Gained mutation: Your body sometimes deteriorates upon
                  | taking damage. [a neqoxec]
 15484 | Gauntlet | Gained mutation: You are very clumsy. (Dex -4) [a neqoxec]
 15486 | Gauntlet | Lost intelligence.
 15497 | Gauntlet | Lost mutation: Your body sometimes deteriorates upon taking
                  | damage. [potion of mutation]
 15497 | Gauntlet | Lost mutation: You are very clumsy. (Dex -4) [potion of
                  | mutation]
 15497 | Gauntlet | Lost mutation: You are clumsy. (Dex -2) [potion of
                  | mutation]
 15497 | Gauntlet | Gained mutation: You are partially covered in iridescent
                  | scales. (AC +2) [potion of mutation]
 15497 | Gauntlet | Gained mutation: You are partially covered in large bone
                  | plates. (SH +4) [potion of mutation]
 15634 | Gauntlet | Reached skill level 10 in Shields
 15638 | Gauntlet | Identified the +2 cloak "Bitaonyo" {rC+ Str+2}
 15703 | Gauntlet | Found the +0 pair of fencer's gloves {Riposte Dex+3}
 15703 | Gauntlet | Identified the +8 triple crossbow of Jyq Myt {vorpal, rElec
                  | rF++ rN+}
 15718 | Gauntlet | Identified the +0 hat of Hopscotch {rN+ Dex+3} (Okawaru
                  | gifted it to you in a Gauntlet)
 15718 | Gauntlet | Received a gift from Okawaru
 15740 | Gauntlet | Identified the +3 cloak of Gestures {rPois rC- Str+4 Int+3}
 15741 | Gauntlet | Got the Volume of the Compass
 15744 | Gauntlet | Got Imya's Catalogue of Icy Flames
 16144 | Lair:3   | Identified the +4 scale mail of the Circus Animal {rC++}
 16461 | Lair:3   | Found a blossoming altar of Fedhas.
 16854 | Lair:3   | Reached skill level 17 in Fighting
 16883 | Lair:3   | Reached skill level 10 in Dodging
 17522 | Lair:3   | Identified the +1 leather armour of Darkness {rC- rN++
                  | SInv}
 17619 | Lair:3   | Found the +9 staff of Olgreb {rPois∞}
 18096 | Lair:4   | Found a staircase to the Shoals.
 18367 | Lair:4   | Found a staircase to the Snake Pit.
 18567 | Lair:4   | Received a gift from Okawaru
 18968 | Lair:5   | Found a staircase to the Slime Pits.
 18986 | Lair:5   | Identified the +0 falchion of Maqepo {vorpal, rC+ Will++
                  | MP+9 Int+3 Dex-4}
 19008 | Lair:5   | Reached skill level 18 in Fighting
 19640 | Lair:5   | Found a stormy altar of Qazlal.
 19873 | Lair:6   | Entered Level 6 of the Lair of Beasts
 19961 | Lair:6   | Reached XP level 15. HP: 149/149 MP: 20/20
 19974 | Lair:6   | Identified the +0 pair of gloves of the Sacrificial Victim
                  | {Str+2 Int+7} (Okawaru gifted it to you on level 6 of the
                  | Lair of Beasts)
 19974 | Lair:6   | Received a gift from Okawaru
 20073 | Lair:6   | Paralysed by a hornet for 1 turns
 20401 | Lair:6   | Reached skill level 15 in Shields
 20461 | Lair:6   | Identified the +1 ice dragon scales of the Hidden Vale {rF-
                  | rC++ Regen+}
 21336 | Lair:6   | Identified the +7 battleaxe of Bright Valiance {flame, rF-
                  | Str+5}
 21621 | D:11     | Noticed Erolcha
 21628 | D:11     | Killed Erolcha
 21739 | D:11     | Noticed Urug
 21757 | D:11     | Killed Urug
 22161 | D:11     | Reached skill level 1 in Air Magic
 22191 | D:11     | Found a runed translucent door.
 22192 | D:11     | Found a runed translucent door.
 22422 | D:11     | You fall into a shaft and drop 1 floor!
 22629 | D:11     | Found a staircase to the Orcish Mines.
 22775 | D:11     | Found a runed translucent door.
 22805 | D:11     | Identified the amulet "Gusob" {Fly rF- Will+ Regen+}
 22811 | D:11     | Identified the ring of Aracwiv {Will- Str+9 Int+6 Dex+3
                  | SInv}
 22816 | D:11     | Identified the +9 demon whip of Pufarch {pain, rPois Str+3
                  | Dex+2} (Okawaru gifted it to you on level 11 of the
                  | Dungeon)
 22816 | D:11     | Received a gift from Okawaru
 22817 | D:11     | Identified the ring "Anoibb" {Fire rElec Int+2 Slay+2}
 22921 | D:11     | Identified the ring of Bagad {Drain rN+ MP+9 Dex+6}
 23289 | D:12     | Reached skill level 1 in Necromancy
 23403 | D:12     | Learned a level 3 spell: Swiftness
 23914 | D:13     | Found a shadowy altar of Dithmenos.
 23917 | D:13     | Reached skill level 5 in Air Magic
 24055 | D:13     | Received a gift from Okawaru
 24169 | D:14     | Noticed Rupert
 24178 | D:14     | Killed Rupert
 24209 | D:14     | Reached skill level 15 in Armour
 24515 | D:14     | Reached XP level 16. HP: 157/158 MP: 21/21
 24881 | D:14     | Reached skill level 1 in Spellcasting
 24925 | D:14     | Found a gate to the Vaults.
 25145 | D:15     | Entered Level 15 of the Dungeon
 25154 | D:15     | Noticed Louise
 25169 | D:15     | Killed Louise
 25235 | D:15     | Found a basalt altar of Yredelemnul.
 25252 | D:15     | Received a gift from Okawaru
 25849 | D:15     | Paralysed by a great orb of eyes for 5 turns
 25858 | D:15     | Found a staircase to the Depths.
 26078 | D:15     | Reached skill level 19 in Fighting
 26389 | Orc:1    | Entered Level 1 of the Orcish Mines
 26440 | Orc:1    | Found a transporter.
 26445 | Orc:1    | Found a transporter.
 26458 | Orc:1    | Found a one-way gate to the infinite horrors of the Abyss.
 26459 | Orc:1    | Noticed Qieck's ghost (journeyman DrCj)
 26917 | Orc:1    | Killed Qieck's ghost
 27051 | Orc:1    | Got Giule's Reference Book on the Oath
 27091 | Orc:2    | Entered Level 2 of the Orcish Mines
 27091 | Orc:2    | Found a staircase to the Elven Halls.
 27102 | Orc:2    | Found Suseuth's General Store.
 27127 | Orc:2    | Bought a potion of might for 56 gold pieces
 27499 | Orc:2    | Found Vuagutim's Antique Weapon Shoppe.
 27586 | Orc:2    | Paralysed by an orc sorcerer for 5 turns
 27602 | Orc:2    | Found Tuhatej's Antique Armour Shop.
 27605 | Orc:2    | Reached skill level 20 in Fighting
 27719 | Orc:2    | Received a gift from Okawaru
 27784 | Orc:2    | Found Nosan's Book Boutique.
 28136 | Elf:1    | Entered Level 1 of the Elven Halls
 29059 | Elf:1    | Paralysed by an air elemental for 1 turns
 29286 | Elf:1    | Reached skill level 5 in Necromancy
 29307 | Elf:1    | Reached XP level 17. HP: 170/170 MP: 22/22
 29505 | Elf:1    | Got the Almanac of the Mutagenic Birds
 29592 | Elf:1    | Noticed an Ice Fiend
 29593 | Elf:1    | Noticed a Tzitzimitl
 29595 | Elf:1    | Noticed a Hell Sentinel
 29980 | Snake:1  | Entered Level 1 of the Snake Pit
 30015 | Snake:1  | Reached skill level 10 in Air Magic
 30180 | Snake:1  | Found Himunk's Book Boutique.
 30240 | Snake:1  | Found Nahuos's Jewellery Shoppe.
 30241 | Snake:1  | Found Coemias's Book Boutique.
 30251 | Snake:1  | Bought a book of the Senses for 512 gold pieces
 30258 | Snake:1  | Learned a level 5 spell: Silence
 30329 | Snake:1  | You are sucked into a shaft and drop 1 floor!
 30329 | Snake:2  | Found a hide-covered altar of Uskayaw.
 30354 | Snake:1  | Received a gift from Okawaru
 30370 | Snake:1  | Reached skill level 1 in Hexes
 31590 | Snake:2  | Identified the +5 mace "Blob" {speed, rElec} (Okawaru
                  | gifted it to you on level 2 of the Snake Pit)
 31590 | Snake:2  | Received a gift from Okawaru
 31845 | Snake:2  | Reached skill level 21 in Fighting
 32610 | Snake:3  | Received a gift from Okawaru
 32834 | Snake:3  | Reached XP level 18. HP: 182/182 MP: 23/23
 33299 | Snake:4  | Entered Level 4 of the Snake Pit
 33925 | Snake:4  | Reached skill level 22 in Fighting
 34387 | Snake:4  | Received a gift from Okawaru
 34593 | Snake:4  | Noticed Vashnia
 34643 | Snake:4  | Killed Vashnia
 34652 | Snake:4  | Got a serpentine rune of Zot
 34815 | Shoals:1 | Entered Level 1 of the Shoals
 34852 | Shoals:1 | Received a gift from Okawaru
 34908 | Shoals:1 | Identified Roxanne's Disquisition on the Mountains
 34908 | Shoals:1 | Noticed Roxanne
 34930 | Shoals:1 | Killed Roxanne
 35094 | Shoals:1 | Identified the +7 crystal plate armour of Okawaru's Hope
                  | {rN+ Int+6} (Okawaru gifted it to you on level 1 of the
                  | Shoals)
 35094 | Shoals:1 | Received a gift from Okawaru
 36103 | Shoals:2 | Reached XP level 19. HP: 193/193 MP: 24/24
 36750 | Shoals:3 | Reached skill level 23 in Fighting
 37351 | Shoals:3 | Received a gift from Okawaru
 37488 | Shoals:4 | Entered Level 4 of the Shoals
 37490 | Shoals:4 | Noticed Nikola
 37492 | Shoals:4 | Noticed Mara
 37497 | Shoals:4 | Noticed blank1's illusion
 37563 | Shoals:3 | Killed Nikola
 37623 | Shoals:4 | Killed Mara
 37927 | Shoals:4 | Noticed Aizul
 37960 | Shoals:4 | Killed Aizul
 38091 | Shoals:4 | Identified the +9 flail of Entrepreneurial Spirit {freeze,
                  | rCorr}
 38219 | Shoals:4 | Reached skill level 15 in Dodging
 38467 | Shoals:4 | Identified the +4 glaive of the Twisting Visionary
                  | {antimagic, Will+ Str+2 Int+3}
 38542 | Shoals:4 | Got a barnacled rune of Zot
 39041 | Vaults:1 | Entered Level 1 of the Vaults
 39147 | Vaults:1 | Received a gift from Okawaru
 40191 | Vaults:1 | Found Esunuc's Antique Weapon Boutique.
 40386 | Vaults:1 | Acquired 932 gold pieces
 40432 | Vaults:2 | Reached XP level 20. HP: 204/204 MP: 26/26
 40466 | Vaults:2 | Reached skill level 5 in Spellcasting
 40470 | Vaults:2 | Reached skill level 10 in Invocations
 40494 | Vaults:2 | Killed from afar by a tengu reaver

Illustrated notes

Levels and vault maps discovered:
D:1:      psy_arrival_whirlpool, layout_loops_ring,
          shapermc_ecumenical_altar_mp_highgroup
D:2:      layout_rooms, basic_altar
D:3:      kennysheep_the_goblin_king, layout_loops_corners,
          hellmonk_ghost_happy_afterlife, uniq_grinder
D:4:      layout_basic, minmay_temple_entry_gardened_gates, portal_sewer_entry_b
D:5:      layout_basic, gammafunk_ghost_necromancy
D:6:      layout_cave_pools, dancing_weapons_uskayaw, led_xom_imps,
          grunt_decor_cap
D:7:      layout_basic, nicolae_overflow_crystal_walls,
          chequers_serial_rivers_micro_e, minmay_manual_mail
D:8:      layout_loops_ring, enter_bailey_3, uniq_maurice, uniq_psyche
D:9:      layout_loops_corners, david_lair_generic, gammafunk_ghost_hive,
          water_boxes_lemuel, uniq_maggie
D:10:     layout_roguey, minmay_overflow_temple_star_quad,
          gammafunk_ghost_hydra_chop
D:11:     minmay_the_grid_triangle_9x9_recursive_3
          [minmay_the_grid_triangle_9x9_tough_junction,
          minmay_the_grid_triangle_9x9_alien,
          minmay_the_grid_triangle_9x9_subtriangle,
          minmay_the_grid_triangle_9x9_prize_special,
          minmay_the_grid_triangle_9x9_zippers_vertical,
          minmay_the_grid_triangle_9x9_windchime,
          minmay_the_grid_triangle_9x9_limited_checkers,
          minmay_the_grid_triangle_9x9_shrine,
          minmay_the_grid_triangle_9x9_thin_v], layout_gridville, orc_0_dummy,
          uniq_urug, uniq_erolcha
D:12:     layout_basic
D:13:     layout_basic, grunt_dithmenos_smoke_and_mirrors
D:14:     layout_irregular_city, skrybe_vaults_entry_preservation,
          amcnicky_mini_pool_small, drop_trap, uniq_rupert
D:15:     gammafunk_enter_depths_forms, layout_irregular_city,
          yredelemnul_altar_generic, dispersion_dpeg, uniq_louise
Temple:   eino_temple_rhombus
Lair:1:   layout_misc_corridors
Lair:2:   layout_chaotic_city, nicolae_quartered_pool_super, grunt_megastairs_1
Lair:3:   nzn_winding_woodlands_huge [nzn_winding_woodlands_5x15_sidewinder,
          nzn_winding_woodlands_5x15_zeroes, nzn_winding_woodlands_5x15_pockets,
          nzn_winding_woodlands_5x15_parted,
          nzn_winding_woodlands_5x15_sawtooth, nzn_winding_woodlands_5x15_cabin,
          nzn_winding_woodlands_5x15_pool, nzn_winding_woodlands_5x15_longhouse,
          nzn_winding_woodlands_5x15_split_checker,
          nzn_winding_woodlands_5x15_garden,
          nzn_winding_woodlands_center_triple_pond,
          nzn_winding_woodlands_center_garden,
          nzn_winding_woodlands_15x15_eel_pit], layout_layer_cave,
          lightli_volcano_entry_magma_tube, gauntlet_entry_generic,
          serial_bayou_lagoon_a, hangedman_tree_tricks, eino_house_with_fridge,
          uniq_sonja
Lair:4:   beast_lair_carwin_large_3, layout_regular_city,
          minmay_shoals_entry_centaurs, minmay_snake_entry_guardpost_medium,
          chequers_serial_rivers_micro_d
Lair:5:   layout_cave_pods, slime_dummy, basic_altar, nicolae_lair_yak_garden
Lair:6:   gammafunk_lair_ancient_temple, layout_cellular_growth
Shoals:1: layout_shoals, uniq_roxanne
Shoals:2: layout_shoals, nicolae_shoals_kraken_intersection
Shoals:3: layout_shoals, nicolae_shoals_water_booths
Shoals:4: shoals_end_hellmonk_lost_city, uniq_mara, uniq_aizul, uniq_nikola
Snake:1:  layout_chambers, serial_bayou_ford_a, grunt_megastairs_2,
          minmay_shop_grove
Snake:2:  layout_rooms, basic_altar
Snake:3:  layout_chambers, serial_bayou_pond_d,
          hangedman_snake_thin_pillar_pass, lemuel_fruit_tree
Snake:4:  grunt_snake_rune_serpentine_throne, layout_cave_town,
          nicolae_snake_gridmaze_waves
Orc:1:    layout_diamond_mine, gammafunk_ghost_abyssal_escape
Orc:2:    grunt_orc_gardens, layout_caves, grunt_orc_garden, grunt_orc_garden,
          grunt_orc_garden, grunt_orc_garden
Elf:1:    eino_elf_arrival_sip, layout_loops_corners, evilmike_minifort
Vaults:1: nicolae_vaults_network_periphery, nicolae_vaults_network_quinsquares
          [nicolae_vaults_network_quincunx_subvault,
          nicolae_vaults_network_quincunx_subvault,
          nicolae_vaults_network_quincunx_subvault,
          nicolae_vaults_network_quincunx_subvault],
          nicolae_vaults_sealed_display, v_misc_19, layout_vaults_quadrants,
          serial_shops, shop
Vaults:2: vaults_room_glass_cross, nicolae_vaults_angled_halls,
          nicolae_vaults_mini_display_case, minmay_crypt_entry_necro_gods,
          v_pattern_4, vaults_room_fours,
          nicolae_vaults_windows_and_doors_thing, nicolae_vaults_rhombus_5,
          ontoclasm_vaults_ring_small, nicolae_vaults_diagonal_hallway_6,
          v_alt_pattern_1, v_alt_pattern_1, ontoclasm_vaults_decontamination,
          layout_vaults_big_room

Skill      XL: |  1  2  3  4  5  6  7  8  9 10 11 12 13 14 15 16 17 18 19 20 |
---------------+-------------------------------------------------------------+-----
Dodging        | 1 2 3 4 5 6 9 10 13 15 | 15.0
Shields        | 4 5 6 9 12 15 | 15.0
Fighting       | 4 5 6 7 8 10 12 15 16 18 20 21 22 23 | 23.4
Maces & Flails | 3 5 6 7 8 10 12 13 16 | 16.0
Armour         | 4 5 6 7 8 10 11 13 15 16 18 20 | 20.0
Invocations    | 3 4 6 8 9 10 | 10.0
Evocations     | 2 3 |  3.0
Air Magic      | 5 9 10 | 10.0
Necromancy     | 2 5 |  5.0
Spellcasting   | 3 4 5 |  5.0
Hexes          | 2 |  2.0

Action                   |  1- 3 |  4- 6 |  7- 9 | 10-12 | 13-15 | 16-18 | 19-21 || total
-------------------------+-------+-------+-------+-------+-------+-------+-------++-------
Melee: Flail             |    89 |   115 |   302 |       |       |       |       ||   506
       Headbutt          |    13 |    11 |    64 |   138 |   497 |   579 |   259 ||  1561
       Morningstar       |       |       |    93 |   431 |   319 |       |       ||   843
       Unarmed           |       |       |       |    20 |       |       |       ||    20
       Eveningstar       |       |       |       |       |   855 |       |       ||   855
       Demon whip        |       |       |       |       |   127 |  1519 |   621 ||  2267
Invok: Heroism           |       |       |     2 |     9 |     5 |     2 |     1 ||    19
       Finesse           |       |       |       |     2 |     2 |     2 |       ||     6
Evoke: Wand              |       |       |       |       |       |       |     1 ||     1
  Use: Scroll            |       |     2 |    18 |     6 |     4 |     2 |     2 ||    34
       Potion            |       |     1 |       |     3 |     2 |     1 |       ||     7
 Stab: Petrified         |       |       |       |       |    11 |       |       ||    11
       Invisible         |       |       |       |       |     5 |       |       ||     5
Armor: Scale mail        |     4 |       |       |       |       |       |       ||     4
       Chain mail        |    40 |    57 |   170 |    60 |       |       |       ||   327
       Plate armour      |       |       |       |   115 |   327 |   176 |       ||   618
       Crystal plate arm |       |       |       |       |       |    27 |   216 ||   243
Dodge: Dodged            |    37 |    34 |   126 |   150 |   317 |   343 |   253 ||  1260
Block: Buckler           |    17 |    15 |   103 |   201 |   147 |       |       ||   483
       Reflection        |       |       |       |    44 |    32 |     6 |       ||    82
       Kite shield       |       |       |       |       |   768 |   978 |   465 ||  2211
       Rpst.: Eveningstar |       |       |       |       |    24 |       |       ||    24
       Demon whip        |       |       |       |       |     2 |    62 |    29 ||    93

Table legend: (Time is in decaauts)
 A = Elapsed time spent in this place.
 B = Non-inter-level travel time spent in this place.
 C = Inter-level travel time spent in this place.
 D = Time resting spent in this place.
 E = Time spent auto-exploring this place.
 F = Levels seen in this place.
 G = Mean time per level.
                   A        B        C        D        E       F      G
               +--------+--------+--------+--------+--------+-----+--------+
         Total |  39950 |  37664 |   2286 |   3945 |  25049 |  38 | 1051.3 |
       Dungeon |  15592 |  14437 |   1155 |   1285 |  10280 |  15 | 1039.5 |
        Temple |     33 |     28 |      5 |      0 |     21 |   1 |   33.0 |
          Lair |   8721 |   8195 |    526 |   1048 |   5538 |   6 | 1453.5 |
        Shoals |   3727 |   3579 |    148 |    259 |   2298 |   4 |  931.8 |
     Snake Pit |   4450 |   4290 |    160 |    213 |   2787 |   4 | 1112.5 |
  Orcish Mines |   1677 |   1500 |    177 |      0 |   1162 |   2 |  838.5 |
   Elven Halls |   1558 |   1481 |     77 |     34 |   1231 |   1 | 1558.0 |
        Vaults |   1345 |   1310 |     35 |     80 |    987 |   2 |  672.5 |
         Sewer |    742 |    742 |      0 |     39 |    311 |   1 |  742.0 |
        Bailey |   1405 |   1405 |      0 |    800 |    225 |   1 | 1405.0 |
      Gauntlet |    695 |    695 |      0 |    187 |    208 |   1 |  695.0 |
               +--------+--------+--------+--------+--------+-----+--------+

Top non-repeatable levels by time:
  Lair:3: 3030 daAuts
     D:9: 1923 daAuts
     D:3: 1692 daAuts
    D:11: 1647 daAuts
   Elf:1: 1558 daAuts
  Lair:6: 1489 daAuts
     D:7: 1409 daAuts
  Bailey: 1405 daAuts
 Snake:1: 1306 daAuts
Vaults:1: 1296 daAuts
 Snake:4: 1279 daAuts
Shoals:3: 1132 daAuts
  Lair:1: 1132 daAuts
 Snake:3: 1130 daAuts
  Lair:2: 1100 daAuts
